 Dungeon Crawl Stone Soup version 0.17.1-3-g152610e (webtiles) character file.

7406 manyhoops the Thaumaturge (level 10, -6/49 (50) HPs)
             Began as a Deep Elf Summoner on Apr 7, 2016.
             Was a Believer of Sif Muna.
             Killed from afar by a war gargoyle (18 damage)
             ... with a spray of metal splinters
             ... on level 11 of the Dungeon.
             The game lasted 01:28:20 (13846 turns).

manyhoops the Thaumaturge (Deep Elf Summoner)      Turns: 13846, Time: 01:28:20

HP:   -6/49 (50)    AC: 12    Str:  6    XL:     10   Next: 92%
MP:   8/29          EV: 19    Int: 23    God:    Sif Muna [**....]
Gold: 517           SH:  0    Dex: 15    Spells: 8 memorised, 9 levels left

rFire  . . .     SeeInvis .     M - staff of death
rCold  . . .     Clarity  .     J - +2 robe {MR+}
rNeg   + . .     SustAt   .     (no shield)
rPois  .         Gourm    .     I - +2 hat
rElec  .         Spirit   .     j - +2 cloak
rCorr  .         Warding  .     (no gloves)
rMut   .         Stasis   .     v - +2 pair of boots
MR     ++...                    (no amulet)
Stlth  ++........               (no ring)
                                O - ring of flight

@: very resistant to hostile enchantments, unstealthy
A: no striking features
a: Channel Energy, Forget Spell, Renounce Religion, Evoke Flight


You were on level 11 of the Dungeon.
You worshipped Sif Muna.
Sif Muna was pleased with you.
You were not hungry.

You visited 4 branches of the dungeon, and saw 16 of its levels.
You also visited: Bailey.

You collected 742 gold pieces.
You spent 225 gold pieces at shops.

Inventory:

Hand Weapons
 i - a +2 quarterstaff of chaos
Armour
 j - a +2 cloak (worn)
 v - a +2 pair of boots (worn)
 I - a +2 hat (worn)
 J - a +2 robe of magic resistance (worn)
Magical Staves
 M - an uncursed staff of death (weapon)
Jewellery
 t - an uncursed amulet of regeneration
 O - a ring of flight (left hand)
Wands
 a - a wand of magic darts (17)
 F - a wand of polymorph (13)
 G - a wand of polymorph (3)
 K - a wand of random effects (26)
 N - a wand of random effects (16)
 V - a wand of fire (4)
 Z - a wand of magic darts (9)
Scrolls
 d - 2 scrolls of recharging
 l - 5 scrolls of remove curse
 m - 2 scrolls of teleportation
 n - 2 scrolls of fog
 q - a scroll of magic mapping
 w - a scroll of enchant weapon {unknown}
 y - 2 scrolls of random uselessness
 A - a scroll of vulnerability {unknown}
 C - a scroll of amnesia
 D - a scroll of immolation
 H - a scroll of silence
 S - a scroll of torment {unknown}
Potions
 e - 4 potions of flight
 g - 2 potions of magic
 h - 3 potions of brilliance
 k - 4 potions of curing
 p - 2 potions of heal wounds
 u - 3 potions of haste
 x - a potion of degeneration {unknown}
 z - a potion of resistance {unknown}
 B - a potion of ambrosia {unknown}
 E - 2 potions of cancellation
 U - 3 potions of might
Books
 b - a book of Callings

   Spells                             Type                      Level
   a - Summon Small Mammal            Summoning                    1
   b - Call Imp                       Summoning                    2
   c - Call Canine Familiar           Summoning                    3
   d - Summon Guardian Golem          Hexes/Summoning              3
   e - Summon Lightning Spire         Summoning/Air                4
   f - Summon Ice Beast               Ice/Summoning                4
 W - an Akashic Record

   Spells                             Type                      Level
   a - Dispersal                      Translocation                6
   b - Malign Gateway                 Summoning/Translocation      7
   c - Disjunction                    Translocation                8
   d - Controlled Blink               Translocation                8
 Y - the Compendium of Freezing Confrontation
   (You found it on level 11 of the Dungeon)

   Spells                             Type                      Level
   a - Flame Tongue                   Conjuration/Fire             1
   b - Throw Frost                    Conjuration/Ice              2
   c - Conjure Flame                  Conjuration/Fire             3
   d - Freezing Cloud                 Conjuration/Ice/Air          6
   e - Simulacrum                     Ice/Necromancy               6
Miscellaneous
 P - a lantern of shadows
 Q - a plain deck of defence
 R - a stone of tremors
 T - a disc of storms
 X - a fan of gales
Comestibles
 c - 3 bread rations
 f - 5 meat rations
 o - 5 beef jerkies
 L - 10 royal jellies


   Skills:
 - Level 11.0 Dodging
 - Level 3.4 Stealth
 * Level 13.3 Spellcasting
 - Level 0.3 Hexes
 - Level 10.3 Summonings
 - Level 2.1 Translocations
 - Level 2.0 Ice Magic
 - Level 2.5 Evocations


You had 9 spell levels left.
You knew the following spells:

 Your Spells              Type           Power        Failure   Level  Hunger
a - Summon Small Mammal   Summ           ####         1%          1    None
b - Call Imp              Summ           ######..     1%          2    None
c - Call Canine Familiar  Summ           ######..     1%          3    None
d - Summon Guardian Gole  Hex/Summ       #####...     1%          3    None
e - Summon Ice Beast      Ice/Summ       #####...     3%          4    None
f - Summon Lightning Spi  Summ/Air       #####...     6%          4    None
g - Dispersal             Tloc           ####......   99%         6    #####..
h - Conjure Flame         Conj/Fire      ###.....     14%         3    None


Dungeon Overview and Level Annotations

Branches:
Dungeon (12/15)            Temple (1/1) D:6            Lair (1/8) D:9
    Orc (2/4) D:9

Altars:
Ashenzari
Cheibriados
Dithmenos
Elyvilon
Fedhas
Gozag
Kikubaaqudgha
Makhleb
Nemelex Xobeh
Okawaru
Qazlal
Ru
Sif Muna
Trog
Vehumet
Xom
Yredelemnul
Zin
The Shining One

Shops:
D:7 *   D:9 =


Message History

A chill wind blows around you.
The war gargoyle hits you with a dire flail of holy wrath!
Your ice beast barely misses the tengu warrior.
Your ice beast hits the war gargoyle but does no damage.
The war gargoyle hits you with a dire flail of holy wrath!
Your ice beast hits the war gargoyle but does no damage.
Your ice beast hits the war gargoyle but does no damage.
There is a stone staircase leading up here.
The war gargoyle hits you with a dire flail of holy wrath!
* * * LOW HITPOINT WARNING * * *
Your ice beast hits the war gargoyle but does no damage.
Your ice beast hits the war gargoyle.
Your ice beast freezes the war gargoyle!
The war gargoyle resists.
You climb upwards.
There is a stone staircase leading down here.
The war gargoyle completely misses you.
The war gargoyle launches metal splinters at you.
The spray of metal splinters hits you!
You die...

################..##
##..................#
#..################..
#############.## ######### ##.
##............# ##.......## ##
...############ #.........# #.
..## #....รท....# #. [.#
#####.........# #. ..#
##...@.........# ####. #[##
####..###.9.......###....
#<.######....## #....>........##.
##>[......#######.........###....
#..............###.......####....
...........###...#..#............
.#.......#...###(.....###........
#######.###...............)..#...
.# #..#.....[.#...........#...


You could see a war gargoyle.

Vanquished Creatures
  2 killer bees (D:9)
  A human zombie (D:10)
  A hound skeleton (D:4)
  2 orcs
  A ball python (D:6)
  A bat (D:3)
  A goblin (D:3)
  A hobgoblin (D:3)
  2 rats (D:3)
12 creatures vanquished.

Vanquished Creatures (collateral kills)
  Gastronok (D:8)
  Erolcha (D:9)
  A hydra (D:11)
  A hill giant (D:10)
  An orc knight (Bailey)
  A griffon (D:12)
  The ghost of manyhoops the Covert, a novice OpAs (D:4)
  A two-headed ogre (D:8)
  4 yaks (D:11)
  2 wraiths
  2 hungry ghosts
  Grum (D:8)
  Menkaure (D:5)
  5 wolves
  11 orc warriors
  5 ice beasts
  An eye of draining (D:11)
  3 black bears (D:9)
  6 centaurs
  9 ogres
  4 phantoms
  5 sky beasts
  4 necrophages
  An elf zombie (D:10)
  A gnoll sergeant (D:7)
  5 giant frogs
  A water moccasin skeleton (D:9)
  A wyvern skeleton (D:11)
  4 killer bees (D:9)
  3 scorpions
  3 wights (D:10)
  4 jellies
  6 crimson imps
  A wasp zombie (D:10)
  A quasit (D:10)
  8 hounds
  10 orc wizards
  2 centaur zombies
  3 human zombies (D:10)
  Crazy Yiuf (D:2)
  4 orc priests
  Ijyb (D:3)
  2 centaur skeletons
  Jessica (D:3)
  5 giant frog skeletons
  2 iguanas
  8 worker ants
  A killer bee zombie (D:8)
  2 hound skeletons
  2 mummies (D:10)
  11 gnolls
  13 adders
  4 shadow imps
  6 oozes
  2 adder skeletons
  2 adder zombies
  6 worms
  2 giant geckos
  72 orcs
  8 bats
  2 hobgoblins (D:1)
  6 jackals
  16 kobolds
  4 quokkas
  5 giant cockroaches
  6 giant newts
  16 goblins
  A goblin zombie (D:4)
  5 rats
  A rat zombie (D:4)
342 creatures vanquished.

Vanquished Creatures (others)
  A wolf (Lair:1)
  A jelly (D:6)
2 creatures vanquished.

Grand Total: 356 creatures vanquished

Notes
Turn   | Place    | Note
--------------------------------------------------------------
     0 | D:1      | manyhoops the Deep Elf Summoner began the quest for the Orb.
     0 | D:1      | Reached XP level 1. HP: 10/10 MP: 6/6
   321 | D:1      | Reached XP level 2. HP: 15/15 MP: 4/8
   387 | D:1      | Learned a level 2 spell: Call Imp
   554 | D:1      | You fall through a shaft!
  1197 | D:2      | Reached XP level 3. HP: 19/19 MP: 1/10
  1291 | D:2      | Noticed Crazy Yiuf
  1302 | D:2      | Learned a level 3 spell: Call Canine Familiar
  1306 | D:2      | Learned a level 3 spell: Summon Guardian Golem
  1396 | D:2      | Killed Crazy Yiuf
  1690 | D:2      | Reached skill level 5 in Spellcasting
  2078 | D:3      | Noticed Ijyb
  2081 | D:3      | Noticed Jessica
  2093 | D:3      | Killed Ijyb
  2093 | D:3      | Reached XP level 4. HP: 21/24 MP: 1/13
  2101 | D:3      | Killed Jessica
  2101 | D:3      | Reached skill level 5 in Summonings
  2627 | D:3      | Reached skill level 6 in Spellcasting
  2974 | D:3      | Reached XP level 5. HP: 14/28 MP: 6/15
  3266 | D:3      | Learned a level 4 spell: Summon Ice Beast
  3291 | D:4      | Noticed an ogre
  3347 | D:4      | Noticed manyhoops's ghost (novice OpAs)
  3359 | D:4      | Noticed a phantom
  3360 | D:4      | Killed manyhoops's ghost
  3360 | D:4      | Reached skill level 7 in Spellcasting
  3360 | D:4      | Reached XP level 6. HP: 32/32 MP: 6/18
  3656 | D:4      | Killed a phantom
  3688 | D:4      | Killed an ogre
  4289 | D:4      | Reached XP level 7. HP: 36/36 MP: 13/20
  4294 | D:4      | Reached skill level 1 in Ice Magic
  4295 | D:4      | Learned a level 4 spell: Summon Lightning Spire
  4727 | D:5      | Entered Level 5 of the Dungeon
  4885 | D:5      | Noticed Menkaure
  4897 | D:5      | Killed Menkaure
  4897 | D:5      | Reached skill level 8 in Spellcasting
  5788 | D:6      | Reached XP level 8. HP: 15/41 MP: 7/22
  5796 | D:6      | Reached skill level 9 in Spellcasting
  6094 | D:6      | Found a glowing golden altar of the Shining One.
  6094 | D:6      | Found a shimmering altar of Xom.
  6790 | D:6      | Found a staircase to the Ecumenical Temple.
  6799 | Temple   | Entered the Ecumenical Temple
  7098 | Temple   | Became a worshipper of Sif Muna the Loreminder
  7329 | D:7      | Found Besaeble's General Store.
  7333 | D:7      | Bought 2 scrolls of enchant armour for 225 gold pieces
  7432 | D:7      | Reached skill level 10 in Spellcasting
  7855 | D:7      | Found a radiant altar of Vehumet.
  8007 | D:7      | Found a sacrificial altar of Ru.
  8295 | D:8      | Reached XP level 9. HP: 45/45 MP: 12/25
  8350 | D:8      | Reached skill level 5 in Dodging
  8495 | D:8      | Found an ancient bone altar of Kikubaaqudgha.
  8551 | D:8      | Noticed Grum
  8557 | D:8      | Killed Grum
  8865 | D:8      | Noticed Gastronok
  8893 | D:8      | Killed Gastronok
  8936 | D:8      | Found a glowing silver altar of Zin.
  8938 | D:8      | Found a blossoming altar of Fedhas.
  8938 | D:8      | Found a burning altar of Makhleb.
  9092 | D:8      | Reached skill level 11 in Spellcasting
  9280 | D:8      | Reached * piety under Sif Muna
  9527 | D:9      | Found Uhoot's Jewellery Shop.
  9552 | D:9      | Noticed Erolcha
  9571 | D:9      | Killed Erolcha
  9571 | D:9      | Reached skill level 12 in Spellcasting
  9599 | D:9      | Reached XP level 10. HP: 50/50 MP: 6/28
  9671 | D:9      | Found a staircase to the Lair.
  9780 | D:9      | Found a bloodstained altar of Trog.
  9863 | D:9      | Reached skill level 10 in Dodging
  9901 | D:9      | Found a staircase to the Orcish Mines.
 10690 | D:10     | Entered Level 10 of the Dungeon
 10802 | D:10     | Noticed a hill giant
 10808 | D:10     | Killed a hill giant
 10810 | D:10     | Found a flagged portal.
 10826 | Bailey   | Entered a bailey
 10843 | Bailey   | Noticed an orc knight
 11156 | Bailey   | Killed an orc knight
 11156 | Bailey   | Reached ** piety under Sif Muna
 11156 | Bailey   | Reached skill level 13 in Spellcasting
 11548 | D:10     | Found a basalt altar of Yredelemnul.
 12208 | D:11     | Noticed a seven-headed hydra
 12215 | D:11     | Killed a seven-headed hydra
 12215 | D:11     | Reached skill level 1 in Evocations
 12468 | D:11     | Identified the Compendium of Freezing Confrontation (You found it on level 11 of the Dungeon)
 12495 | D:11     | Reached skill level 10 in Summonings
 12668 | D:11     | Learned a level 6 spell: Dispersal
 12959 | Orc:1    | Entered Level 1 of the Orcish Mines
 13140 | Orc:1    | Reached skill level 1 in Translocations
 13439 | Lair:1   | Entered Level 1 of the Lair of Beasts
 13806 | D:12     | Noticed a griffon
 13813 | D:12     | Killed a griffon
 13819 | D:12     | Learned a level 3 spell: Conjure Flame
 13824 | D:12     | Noticed a tengu warrior
 13833 | D:12     | Noticed a war gargoyle
 13846 | D:11     | Killed from afar by a war gargoyle

Action                   |  1- 3 |  4- 6 |  7- 9 | 10-12 || total
-------------------------+-------+-------+-------+-------++-------
Melee: Unarmed           |     9 |       |       |       ||     9
       Quarterstaff      |     5 |    23 |    10 |     3 ||    41
       Staff             |       |       |       |    55 ||    55
 Cast: Summon Small Mamm |    72 |    58 |    29 |     9 ||   168
       Call Imp          |     5 |     5 |     2 |       ||    12
       Call Canine Famil |     5 |    24 |    34 |    36 ||    99
       Summon Guardian G |     2 |     5 |       |     1 ||     8
       Summon Ice Beast  |       |     2 |    65 |    84 ||   151
       Summon Lightning  |       |       |     9 |     4 ||    13
Invok: Channel Energy    |       |       |       |     1 ||     1
 Abil: Evoke Flight      |       |       |       |     4 ||     4
Evoke: Wand              |       |       |       |     1 ||     1
  Use: Scroll            |     3 |     3 |     8 |    13 ||    27
 Stab: Sleeping          |     1 |       |       |       ||     1
       Distracted        |       |       |       |     1 ||     1
  Eat: Chunk             |     3 |     5 |     8 |     4 ||    20
       Bread ration      |       |     1 |     2 |     3 ||     6
